 Dungeon Crawl Stone Soup version 0.25.1-2-g60ff931 (console) character file.

Game seed: 9032560938107556534

98 Godmorgon the Sneak (level 4, 0/24 HPs)
             Began as a Vampire Enchanter on Aug 31, 2020.
             Slain by a bat (1 damage)
             ... on level 2 of the Dungeon.
             The game lasted 00:10:00 (1905 turns).

Godmorgon the Sneak (Vampire Enchanter)             Turns: 1905, Time: 00:10:01

Health: 0/24       AC:  2    Str:  7    XL:     4   Next: 43%
Magic:  0/7        EV: 13    Int: 18    God:
Gold:   69         SH:  0    Dex: 14    Spells: 1/7 levels left

rFire    . . .     SeeInvis +   a - +1 dagger
rCold    + + .     Gourm    .   (no shield)
rNeg     + + +     Faith    .   b - +0 robe
rPois    ∞         Spirit   .   (no helmet)
rElec    .         Reflect  .   (no cloak)
rCorr    .         Harm     .   (no gloves)
MR       .....                  (no boots)
Stlth    +++++.....             (no amulet)
HPRegen  0.00/turn              (no ring)
MPRegen  0.10/turn              (no ring)

@: very slightly contaminated, bloodless
A: no food, fangs 3, see invisible, unbreathing
a: Bat Form, Revivify


You were on level 2 of the Dungeon.
You were bloodless.

You visited 1 branch of the dungeon, and saw 2 of its levels.

You collected 69 gold pieces.

Inventory:

Hand Weapons
 a - a +1 dagger (weapon)
Missiles
 g - 45 stones
 h - 8 poisoned darts (quivered)
Armour
 b - a +0 robe (worn)
Scrolls
 c - a scroll of fog {unknown}
 d - 2 scrolls of identify {unknown}
 f - 2 scrolls of fear {unknown}
 i - 2 scrolls of remove curse {unknown}
 j - a scroll of amnesia {unknown}
 k - a scroll of teleportation {unknown}
 o - a scroll of immolation {unknown}
Potions
 e - a potion of heal wounds {unknown}
 l - 2 potions of mutation {unknown}
 m - a potion of curing {unknown}
 n - a potion of ambrosia {unknown}


   Skills:
 + Level 2.0 Short Blades
 + Level 2.6 Dodging
 * Level 5.7 Stealth
 + Level 2.4 Spellcasting
 * Level 5.5 Hexes
 * Level 0.1 Ice Magic


You had one spell level left.
You knew the following spells:

 Your Spells              Type           Power        Failure   Level  Hunger
c - Corona                Hex            ###....      1%          1    N/A
e - Ensorcelled Hibernat  Hex/Ice        ##....       9%          2    N/A
C - Confusing Touch       Hex            ###.....     5%          3    N/A

Your spell library contained the following spells:

 Spells                   Type           Power        Failure   Level  Hunger
 Tukima's Dance           Hex            ###.....     5%          3    N/A
 Dazzling Flash           Conj/Hex       ##....       17%         3    N/A

Dungeon Overview and Level Annotations

Branches:
Dungeon (2/15)

Altars:


Innate Abilities, Weirdness & Mutations

You do not eat.
You do not regenerate when monsters are visible.
You are frail without blood (-20% HP).
You can heal yourself when you bite living creatures.
You are immune to poison.
You have razor-sharp teeth.
You have supernaturally acute eyesight. (SInv)
You can survive without breathing.


Message History

Confirm with . or Enter, or press ? or * to list all spells.
Aiming: Ensorcelled Hibernation (safe; 9% risk of failure)
Press: ? - help, Shift-Dir - straight line, f - bat
Aim: a bat (severely wounded, chance to defeat MR: 61%)
You miscast Ensorcelled Hibernation.
You are very lightly contaminated with residual magic.
Nothing appears to happen.
The bat barely misses you. The bat barely misses you.
The bat barely misses you. The bat closely misses you.
The bat barely misses you.
There is a stone staircase leading up here.
You barely miss the bat.
The bat is moderately wounded.
The bat closely misses you. The bat hits you but does no damage.
The bat misses you.
You closely miss the bat.
The bat is moderately wounded.
The bat hits you.
You die...

...... ......
...... ......
..... .... ####
##################
#@b....w..>......)
##########........
#.....### #.....#
#.....# #.w...#
###.....#
#.......# #
#......## #


You could see a worm and a bat.

Vanquished Creatures
  6 adders (D:2)
  An ooze (D:1)
  2 leopard geckos (D:2)
  2 ball pythons
  4 bats
  3 hobgoblins
  4 jackals (D:1)
  3 kobolds
  3 frilled lizards
  5 goblins
  5 rats
38 creatures vanquished.

Notes
Turn   | Place    | Note
-------+----------+-------------------------------------------
     0 | D:1      | Godmorgon the Vampire Enchanter began the quest for the
                  | Orb.
     0 | D:1      | Reached XP level 1. HP: 13/13 MP: 3/3
   142 | D:1      | Reached XP level 2. HP: 19/19 MP: 5/5
   146 | D:1      | Learned a level 2 spell: Ensorcelled Hibernation
   300 | D:1      | Reached skill level 5 in Stealth
   842 | D:1      | Reached skill level 5 in Hexes
   953 | D:2      | Reached XP level 3. HP: 24/24 MP: 6/6
  1463 | D:2      | Reached XP level 4. HP: 15/24 MP: 3/7
  1748 | D:2      | Learned a level 3 spell: Confusing Touch
  1878 | D:2      | HP: 1/24 [bat (1)]
  1898 | D:2      | HP: 1/24 [bat (1)]
  1905 | D:2      | Slain by a bat

Illustrated notes

Levels and vault maps discovered:
D:1:      scummos_arrival_checkerplants, layout_basic, grunt_decor_fettered,
          minmay_misc_feat_tiny, minmay_misc_feat_roman
D:2:      minmay_angry_zag, layout_basic, first_ration

Skill      XL: |  1  2  3  4 |
---------------+-------------+-----
Stealth        | 5 |  5.7
Hexes          | 5 |  5.5
Short Blades   | 2 |  2.0
Dodging        | |  2.6
Spellcasting   | |  2.4
Ice Magic      | |  0.1

Action                   |  1- 3 |  4- 6 || total
-------------------------+-------+-------++-------
Melee: Dagger            |    59 |    28 ||    87
       Bite              |     5 |     2 ||     7
 Cast: Corona            |     6 |     1 ||     7
       Ensorcelled Hiber |    19 |     8 ||    27
 Abil: Exsanguinate      |     1 |       ||     1
 Stab: Sleeping          |    21 |     4 ||    25
       Distracted        |     1 |       ||     1
Armor: Robe              |     9 |    17 ||    26
Dodge: Dodged            |    43 |    40 ||    83
